 Dungeon Crawl Stone Soup version 0.31-a0-1068-g5939ac1fb6 (webtiles) character file.

Game seed: 1778974044291028731

25753 gruber the Geomancer (level 12, -5/72 HPs)
             Began as a Deep Elf Earth Elementalist on Nov 24, 2023.
             Was an Elder of Vehumet.
             Slain by a dire elephant (35 damage)
             ... in a Gauntlet.
             The game lasted 00:32:48 (14727 turns).

gruber the Geomancer (Deep Elf Earth Elementalist) Turns: 14727, Time: 00:32:49

Health: -5/72      AC:  8    Str:  5    XL:     12   Next: 92%
Magic:  17/29      EV: 22    Int: 26    God:    Vehumet [****..]
Gold:   1299       SH:  0    Dex: 15    Spells: 19/33 levels left

rFire   + . .        Q - +6 shillelagh "Devastator" {shatter}
rCold   + . .        (no shield)
rNeg    + . .        F - +1 robe {rC+}
rPois   .            x - +2 helmet
rElec   .            (no cloak)
rCorr   .            (no gloves)
SInv    +            h - +1 pair of boots of the Iron City of Dis {rN+ SInv}
Will    +....        t - amulet of magic regeneration
Stlth   ++           p - +5 ring of evasion
HPRegen 0.32/turn    a - ring of protection from fire
MPRegen 0.61/turn

%: no teleportation
@: no status effects
A: no striking features
a: Renounce Religion


You were in a Gauntlet.
You worshipped Vehumet.
Vehumet was greatly pleased with you.
You visited 3 branches of the dungeon, and saw 14 of its levels.
You also visited: Sewer, Bailey and Gauntlet.

You collected 1299 gold pieces.

Inventory:

Hand Weapons
 Q - the +6 shillelagh "Devastator" (weapon) {shatter}
   (You found it on level 10 of the Dungeon)
Missiles
 E - 4 curare-tipped darts
Armour
 h - the +1 pair of boots of the Iron City of Dis (worn) {rN+ SInv}
   (You found it on level 11 of the Dungeon)

   rN+:       It protects you from negative energy.
   SInv:      It lets you see invisible.
 w - a +0 pair of boots of flying
 x - a +2 helmet (worn)
 F - a +1 robe of cold resistance (worn)
Jewellery
 a - a ring of protection from fire (right hand)
 p - a +5 ring of evasion (left hand)
 t - an amulet of magic regeneration (around neck)
 J - a +5 ring of evasion
 K - a ring of ice
Wands
 n - a wand of charming (20)
 o - a wand of iceblast (30)
 s - a wand of flame (45)
 A - a wand of digging (5)
 D - a wand of mindburst (39)
 I - a wand of polymorph (13)
 L - a wand of light (3)
Scrolls
 c - 5 scrolls of blinking {unknown}
 f - 4 scrolls of vulnerability {unknown}
 g - a scroll of revelation {unknown}
 i - 3 scrolls of fog {unknown}
 j - 2 scrolls of noise {unknown}
 k - 3 scrolls of summoning {unknown}
 l - 3 scrolls of amnesia {unknown}
 m - a scroll of fear {unknown}
 q - 5 scrolls of teleportation
 v - 4 scrolls of enchant weapon {unknown}
 y - a scroll of poison {unknown}
 M - 2 scrolls of enchant armour {unknown}
 O - a scroll of acquirement {unknown}
Potions
 b - 2 potions of magic
 d - 7 potions of curing
 e - 3 potions of heal wounds
 r - a potion of ambrosia
 u - 10 potions of enlightenment
 z - a potion of might
 B - 2 potions of cancellation
 C - 2 potions of haste
 G - a potion of invisibility
 H - 3 potions of attraction
 N - a potion of berserk rage
 P - 3 potions of brilliance
 R - a potion of resistance {unknown}


   Skills:
 - Level 7.3 Fighting
 - Level 11.0 Dodging
 - Level 2.4 Stealth
 * Level 11.4 Spellcasting
 - Level 12.0 Conjurations
 - Level 1.1 Transmutations
 - Level 13.3 Earth Magic


You had 19 spell levels left.
You knew the following spells:

 Your Spells              Type           Power      Damage    Failure   Level
a - Sandblast             Erth           100%       2d20      0%          1
b - Stone Arrow           Conj/Erth      100%       3d13      1%          3
c - Brom's Barrelling Bo  Conj/Erth      69%        2d8       1%          4
d - Bombard               Conj/Erth      34%        9d6       1%          6

Your spell library contained the following spells:

 Spells                   Type           Power      Damage    Failure   Level
 Fireball                 Conj/Fire      23%        3d11      2%          5
 Freeze                   Ice            56%        1d7       1%          1
 Passwall                 Tmut/Erth      42%        N/A       1%          2
 Poisonous Vapours        Pois/Air       28%        N/A       1%          2
 Hailstorm                Conj/Ice       46%        3d11      1%          3
 Mephitic Cloud           Conj/Pois/Air  35%        N/A       1%          3
 Petrify                  Tmut/Erth      51%        N/A       1%          4
 Sticky Flame             Conj/Fire      46%        2d6       1%          4
 Iskenderun's Battlesphe  Conj           67%        2d12      1%          5
 Irradiate                Conj/Tmut      24%        3d19      2%          5
 Wereblood                Tmut           20%        N/A       3%          2
 Frozen Ramparts          Ice            28%        1d5       3%          3
 Ignite Poison            Fire/Tmut/Pois 16%        N/A       3%          3
 Apportation              Tloc           28%        N/A       4%          1
 Necrotise                Necr           56%        1d6       4%          1
 Slow                     Hex            56%        N/A       4%          1
 Summon Small Mammal      Summ           56%        N/A       4%          1
 Lesser Beckoning         Tloc           28%        N/A       6%          2
 Freezing Cloud           Conj/Ice/Air   17%        6-21      6%          5
 Confusing Touch          Hex            14%        N/A       12%         3
 Gell's Gravitas          Tloc           14%        N/A       12%         3
 Sigil of Binding         Hex            14%        N/A       12%         3
 Teleport Other           Tloc           14%        N/A       12%         3
 Vampiric Draining        Necr           14%        2d7       12%         3
 Anguish                  Hex/Necr       7%         N/A       36%         4
 Cause Fear               Hex            7%         N/A       36%         4
 Spellforged Servitor     Conj/Summ      23%        N/A       54%         7
 Enfeeble                 Hex            7%         N/A       100%        7
 Ignition                 Fire           7%         3d4       100%        8


Dungeon Overview and Level Annotations

Branches:
Dungeon (12/15)            Temple (1/1) D:7            Lair (1/5) D:10
    Orc (0/2) D:12          Sewer (visited)          Bailey (visited)
Gauntlet (1/1)

Altars:
Ashenzari
Cheibriados
Dithmenos
Elyvilon
Fedhas
Gozag
Hepliaklqana
Kikubaaqudgha
Makhleb
Nemelex Xobeh
Okawaru
Qazlal
Ru
Sif Muna
Trog
Uskayaw
Vehumet
Wu Jian
Xom
Yredelemnul
Zin
The Shining One

Shops:
D:5 :   D:11 !**

Annotations:
D:10 2 transporters, Azuregosa's ghost, novice OpDe Gauntlet 9 transporters, 3 runed translucent doors


Message History

Confirm with . or Enter, or press ? or * to list all spells.
Aiming: Stone Arrow (safe; 1% risk of failure)
Press: ? - help, Shift-Dir - straight line, f/p - dire elephant
Aim: a dire elephant (severely wounded, 100% to hit)
The stone arrow hits the dire elephant!!
The dire elephant is severely wounded.
The dire elephant misses you. The dire elephant trunk-slaps you!
The elephant misses you.
The elephant trunk-slaps you but does no damage.
Unknown command.
Aiming: Bolt of Light
Press: ? - help, Shift-Dir - straight line, f/p - dire elephant
Aim: a dire elephant (severely wounded, 100% to hit)
The bolt of light hits the dire elephant!
The dire elephant is almost dead.
The dire elephant is blinded.
The dire elephant tramples you!
You hold your ground!
The dire elephant trunk-slaps you. The elephant barely misses you.
The elephant completely misses you.
Unknown command.
Aiming: Mindburst
Press: ? - help, Shift-Dir - straight line, f/p - dire elephant
Aim: a dire elephant (severely wounded, blind, chance to affect: 6%)
Okay, then.
Unknown command.
Magic courses through your body.
The dire elephant completely misses you.
The dire elephant closely misses you. The elephant tramples you.
You hold your ground!
The elephant trunk-slaps you but does no damage.
Unknown command.
Unknown command.
Casting: Stone Arrow (safe; 1% risk of failure)
Confirm with . or Enter, or press ? or * to list all spells.
Aiming: Bombard (dangerous; 1% risk of failure)
Press: ? - help, Shift-Dir - straight line, f/p - dire elephant
Aim: a dire elephant (severely wounded, blind, 100% to hit)
The iron shot hits the dire elephant!!
The dire elephant is almost dead.
The dire elephant tramples you!!
You die...

##≈....#©..8#.⌠.#.8.##.
#≈≈.#########.8.#.©....
##≈.##!.©!.##...#.8.##.
##.#.###..##...#.©.#
##≈.#.#..##.#.8.#.8.##.
#≈≈.##.#©.#.#.∩.#.©....
##≈.##..##.##.8.#.8.##.
##.#.##Y#.##...#.©.#
##≈.##Y@#.#.#...#.8.##.
#≈≈.#########.8.#.©....
##≈....#©..8#.⌠.#.8.##.
##..8.#...©#.8.#...#
##≈....#©..8#...#...#
#≈≈.#########...#≈≈≈#
##≈.#...©...#..###≈##
##.#...8...#.## ##
##≈.#8.8.8.8#.≈##


You could see a dire elephant (blind) and an elephant.

Vanquished Creatures
  A vampire knight (D:12)
  A boulder beetle (D:12)
  A centaur warrior (D:12)
  2 two-headed ogres
  A tengu warrior (Gauntlet)
  Sonja (D:12)
  Nergalle (D:11)
  4 skeletal warriors (D:12)
  A sixfirhy (Gauntlet)
  4 deep elf pyromancers (D:9)
  An ugly thing (D:12)
  An orc knight (Bailey)
  An elephant (Gauntlet)
  A cyclops (D:10)
  2 manticores
  A gargoyle (D:12)
  A cane toad (shapeshifter) (D:9)
  An unseen horror (D:12)
  4 komodo dragons
  A kobold demonologist (D:11)
  A tengu conjurer (Gauntlet)
  A troll (D:10)
  Prince Ribbit (D:6)
  2 shadows (D:11)
  A culicivora (shapeshifter) (D:12)
  10 yaks
  A wyvern (shapeshifter) (D:9)
  2 wyverns
  A water elemental (D:12)
  3 wraiths (D:12)
  4 fire bats (D:9)
  A basilisk (D:10)
  12 vampire mosquitoes
  4 steam dragons
  5 acid dragons
  A swamp worm (shapeshifter) (D:9)
  2 water moccasins
  2 black bears
  2 ogres
  2 orc warriors (Bailey)
  8 ice beasts
  A swamp drake (D:10)
  A black bear (shapeshifter) (D:9)
  3 sky beasts
  4 centaurs
  3 kobold brigands (D:9)
  2 bullfrogs
  A gnoll sergeant (D:9)
  A scorpion (D:5)
  9 wights
  11 killer bees
  2 electric eels (D:12)
  2 howler monkeys
  4 orc priests
  6 jellies
  4 gnoll boudas
  3 hounds
  5 sleepcaps
  An iguana (D:7)
  8 orc wizards
  A sickly merfolk siren (Sewer)
  A malarious merfolk avatar (Sewer)
  29 gnolls
  13 adders
  A river rat (Sewer)
  2 shadow imps
  3 white imps
  3 ufetubi (Gauntlet)
  2 worms
  3 dart slugs
  17 orcs
  9 ball pythons
  8 endoplasms
  10 giant cockroaches
  10 goblins
  8 hobgoblins
  6 quokkas
  9 frilled lizards
  31 kobolds
  25 rats
359 creatures vanquished.

Vanquished Creatures (collateral kills)
  A yak (D:8)
  A sky beast (D:9)
  78 boulders
80 creatures vanquished.

Vanquished Creatures (others)
  An orc warrior (D:12)
  A human (D:8)
  86 boulders
88 creatures vanquished.

Grand Total: 527 creatures vanquished

Notes
Turn   | Place    | Note
-------+----------+-------------------------------------------
     0 | D:1      | gruber the Deep Elf Earth Elementalist began the quest for
                  | the Orb.
     0 | D:1      | Reached XP level 1. HP: 10/10 MP: 6/6
   389 | D:1      | Reached XP level 2. HP: 15/15 MP: 6/8
   391 | D:1      | Reached skill level 4 in Earth Magic
  1396 | D:2      | Reached XP level 3. HP: 19/19 MP: 7/9
  1400 | D:2      | Learned a level 3 spell: Stone Arrow
  1782 | D:3      | Reached skill level 5 in Earth Magic
  1932 | D:3      | Reached XP level 4. HP: 24/24 MP: 8/10
  2023 | D:3      | Learned a level 4 spell: Brom's Barrelling Boulder
  2399 | D:4      | Reached skill level 6 in Earth Magic
  2531 | D:4      | Found an opulent altar of Gozag.
  2619 | D:4      | Reached XP level 5. HP: 28/28 MP: 8/11
  2623 | D:4      | Found a glowing drain.
  2635 | Sewer    | Entered a sewer
  2905 | Sewer    | Reached skill level 7 in Earth Magic
  3419 | D:4      | Reached XP level 6. HP: 19/32 MP: 8/12
  3575 | D:4      | Reached skill level 8 in Earth Magic
  4455 | D:4      | Found a white marble altar of Elyvilon.
  4455 | D:4      | Found a shimmering blue altar of Sif Muna.
  4577 | D:5      | Entered Level 5 of the Dungeon
  4836 | D:5      | Reached XP level 7. HP: 36/36 MP: 11/13
  4849 | D:5      | Reached skill level 9 in Earth Magic
  5151 | D:5      | Found Cusch's Vocational Training.
  5275 | D:5      | Reached skill level 5 in Spellcasting
  5442 | D:6      | Reached XP level 8. HP: 41/41 MP: 19/21
  5500 | D:6      | Found an ornate altar of the Wu Jian Council.
  5746 | D:6      | Noticed a komodo dragon
  5791 | D:6      | Killed a komodo dragon
  5792 | D:6      | Reached skill level 10 in Earth Magic
  5871 | D:6      | Noticed Prince Ribbit
  5887 | D:6      | Killed Prince Ribbit
  5888 | D:6      | Reached skill level 11 in Earth Magic
  5999 | D:6      | Found an iron altar of Okawaru.
  6069 | D:6      | Found a snail-covered altar of Cheibriados.
  6349 | D:7      | Found a burning altar of Makhleb.
  6380 | D:7      | Reached XP level 9. HP: 45/45 MP: 21/23
  6482 | D:7      | Reached skill level 5 in Conjurations
  7089 | D:7      | Found a broken altar of Ashenzari.
  7244 | D:7      | Reached skill level 5 in Dodging
  7398 | D:7      | Found a staircase to the Ecumenical Temple.
  7405 | Temple   | Entered the Ecumenical Temple
  7417 | Temple   | Became a worshipper of Vehumet
  7888 | D:8      | Identified the +1 scale mail of Azuileirr {Int+4}
  8167 | D:8      | Reached XP level 10. HP: 44/50 MP: 24/24
  8303 | D:8      | Reached skill level 10 in Dodging
  8347 | D:8      | Found a glowing silver altar of Zin.
  8434 | D:8      | Found an ancient bone altar of Kikubaaqudgha.
  8443 | D:8      | Reached * piety under Vehumet
  8443 | D:8      | Offered knowledge of Kiss of Death by Vehumet.
  8795 | D:9      | Reached skill level 1 in Fighting
  9358 | D:9      | Noticed a deep elf pyromancer
  9372 | D:9      | Killed a deep elf pyromancer
  9412 | D:9      | Reached skill level 5 in Fighting
  9430 | D:9      | Noticed a deep elf pyromancer
  9447 | D:9      | Killed a deep elf pyromancer
  9544 | D:9      | Reached XP level 11. HP: 64/64 MP: 20/25
  9580 | D:9      | Noticed an entropy weaver
  9586 | D:9      | an entropy weaver changed into a wind drake
  9609 | D:9      | Offered knowledge of Static Discharge by Vehumet.
  9759 | D:9      | Noticed a deep elf pyromancer
  9768 | D:9      | Reached ** piety under Vehumet
  9771 | D:9      | Killed a deep elf pyromancer
  9985 | D:9      | Noticed a deep elf pyromancer
  9996 | D:9      | Killed a deep elf pyromancer
 10196 | D:10     | Entered Level 10 of the Dungeon
 10263 | D:10     | Found a transporter.
 10263 | D:10     | Noticed an ogre mage
 10266 | D:10     | Noticed a two-headed ogre
 10266 | D:10     | Noticed Azuregosa's ghost (novice OpDe)
 10268 | D:10     | Found a transporter.
 10268 | D:10     | Noticed a centaur warrior
 10434 | D:10     | Noticed a two-headed ogre
 10453 | D:10     | Killed a two-headed ogre
 10474 | D:10     | Found a flagged portal.
 10495 | Bailey   | Entered a bailey
 10560 | Bailey   | Offered knowledge of Searing Ray by Vehumet.
 10712 | Bailey   | Noticed an orc knight
 10743 | Bailey   | Killed an orc knight
 10744 | Bailey   | Reached skill level 10 in Spellcasting
 10749 | Bailey   | Reached *** piety under Vehumet
 11248 | D:10     | Found a staircase to the Lair.
 11538 | D:10     | Found the +6 shillelagh "Devastator" {shatter}
 11794 | D:11     | Found Riax's Distillery.
 11816 | D:11     | Found Roaf's General Store.
 11836 | D:11     | Found Cuesiuz's General Store.
 12146 | D:11     | Identified the +1 pair of boots of the Iron City of Dis
                  | {rN+ SInv}
 12214 | D:11     | Noticed a two-headed ogre
 12229 | D:11     | Killed a two-headed ogre
 12240 | D:11     | Noticed Nergalle
 12252 | D:11     | Killed Nergalle
 12253 | D:11     | Reached skill level 10 in Conjurations
 12253 | D:11     | Reached XP level 12. HP: 72/72 MP: 26/28
 12322 | D:11     | Offered knowledge of Dazzling Flash by Vehumet.
 12573 | D:12     | Found a staircase to the Orcish Mines.
 13239 | D:12     | Learned a level 6 spell: Bombard
 13275 | D:12     | Noticed Sonja
 13290 | D:12     | Killed Sonja
 13360 | D:12     | Noticed a boulder beetle
 13379 | D:12     | Killed a boulder beetle
 13380 | D:12     | Reached skill level 12 in Earth Magic
 13416 | D:12     | Reached **** piety under Vehumet
 13609 | D:12     | Noticed a centaur warrior
 13609 | D:12     | Noticed a catoblepas
 13617 | D:12     | Noticed a vampire knight
 13620 | D:12     | Noticed a yaktaur captain
 13722 | D:12     | Paralysed by a vampire knight for 2 turns
 13726 | D:12     | Killed a vampire knight
 13727 | D:12     | Reached skill level 13 in Earth Magic
 14124 | D:12     | HP: 3/72 [centaur warrior (3)]
 14129 | D:12     | Killed a centaur warrior
 14333 | D:12     | Noticed a fire giant
 14454 | Lair:1   | Entered Level 1 of the Lair of Beasts
 14454 | Lair:1   | Found a gate leading to a gauntlet.
 14460 | Gauntlet | Entered a Gauntlet
 14460 | Gauntlet | Noticed a tengu warrior
 14460 | Gauntlet | Found a transporter.
 14460 | Gauntlet | Found a runed translucent door.
 14467 | Gauntlet | Found a runed translucent door.
 14469 | Gauntlet | Found a transporter.
 14472 | Gauntlet | Found a transporter.
 14473 | Gauntlet | Found a transporter.
 14481 | Gauntlet | Found a transporter.
 14484 | Gauntlet | Found a transporter.
 14485 | Gauntlet | Found a transporter.
 14487 | Gauntlet | Noticed a dire elephant
 14494 | Gauntlet | Found a transporter.
 14497 | Gauntlet | Found a transporter.
 14498 | Gauntlet | Found a transporter.
 14501 | Gauntlet | Noticed a ghost crab
 14502 | Gauntlet | Found a runed translucent door.
 14506 | Gauntlet | Found a transporter.
 14508 | Gauntlet | Found a runed translucent door.
 14509 | Gauntlet | Found a transporter.
 14510 | Gauntlet | Found a transporter.
 14513 | Gauntlet | Noticed a hell hog
 14518 | Gauntlet | Found a transporter.
 14601 | Gauntlet | Killed a tengu warrior
 14663 | Gauntlet | Offered knowledge of Fireball by Vehumet.
 14727 | Gauntlet | Slain by a dire elephant

Illustrated notes

Levels and vault maps discovered:
D:1:      dpeg_arrival_stone_temple_mockup, layout_basic
D:2:      layout_loops_ring
D:3:      layout_rooms
D:4:      minmay_recursive_quarters, layout_loops_ring,
          gammafunk_temple_overflow_wave, grunt_gozag_breadcrumbs,
          gup_sewer_entry_pipe, chequers_serial_rivers_room_a, hellmonk_no_cap
D:5:      layout_loops_ring, serial_aquarium, aquarium_bridge_island_large
          [aquarium_subvault_large_open, aquarium_subvault_bridge,
          aquarium_subvault_bridge, aquarium_subvault_wall,
          aquarium_subvault_wall], aquarium_window_corner, aquarium_window_fake,
          aquarium_view_2c, aquarium_view_2a, aquarium_balcony_1b,
          aquarium_pool_four, nicolae_shop_vocational
D:6:      layout_basic, slow_altar_2, nzn_wu_jian_council_hall, okawaru_trees_1,
          uniq_prince_ribbit1
D:7:      layout_loops_corners, ashenzari_altar_1, overflow_temple_1_default,
          minmay_temple_entry_fiery
D:8:      layout_basic, tgw_kikubaaqudgha, zin_treasury
D:9:      dpeg_index_elf_rogue_hall, layout_irregular_city
D:10:     layout_stronghold, erik_lair_dragon, enter_bailey_3,
          gammafunk_ghost_arena, minmay_sticks_and_stones
D:11:     layout_rooms, serial_shops, shop, nicolae_stop_n_shop_2, shop,
          uniq_nergalle
D:12:     thingy_vault, layout_basic, uniq_sonja
Temple:   hc_temple_tempest_star
Lair:1:   lemuel_ratsnest, layout_gridlike, gauntlet_entry_generic, uniq_joseph
Gauntlet: gammafunk_gauntlet_77_escape_option [minmay_gauntlet_arena_77_cramped,
          minmay_gauntlet_arena_77_terracotta_army,
          minmay_gauntlet_arena_77_mess, minmay_gauntlet_arena_77_shame_cube,
          minmay_gauntlet_arena_77_braids, gauntlet_exit_hidden_loot]

Skill      XL: |  1  2  3  4  5  6  7  8  9 10 11 12 |
---------------+-------------------------------------+-----
Earth Magic    | 4 5 6 7 8 9 11 13 | 13.3
Spellcasting   | 7 8 10 11 | 11.4
Conjurations   | 2 6 10 12 | 12.0
Dodging        | 8 11 | 11.0
Fighting       | 5 7 |  7.3
Stealth        | |  2.4
Transmutations | |  1.1

Action                     |  1- 3 |  4- 6 |  7- 9 | 10-12 || total
---------------------------+-------+-------+-------+-------++-------
  Throw: Dart              |       |       |       |     2 ||     2
   Cast: Sandblast         |    43 |   108 |   143 |   121 ||   415
         Brom's Barrelling |       |       |     7 |   216 ||   223
         Stone Arrow       |       |       |    11 |    55 ||    66
         Bombard           |       |       |       |    12 ||    12
  Evoke: Wand              |       |       |       |     5 ||     5
    Use: Scroll            |       |       |       |    11 ||    11
         Potion            |       |       |       |     2 ||     2
 Armour: Robe              |     7 |    13 |    55 |    99 ||   174
  Dodge: Dodged            |    10 |    31 |    91 |   172 ||   304

Table legend: (Time is in decaauts)
 A = Elapsed time spent in this place.
 B = Non-inter-level travel time spent in this place.
 C = Inter-level travel time spent in this place.
 D = Time resting spent in this place.
 E = Time spent auto-exploring this place.
 F = Levels seen in this place.
 G = Mean time per level.
                   A        B        C        D        E       F      G
               +--------+--------+--------+--------+--------+-----+--------+
         Total |  14989 |  14409 |    580 |    772 |  10811 |  17 |  881.7 |
       Dungeon |  13482 |  12914 |    568 |    558 |  10002 |  12 | 1123.5 |
        Temple |     24 |     12 |     12 |      0 |      0 |   1 |   24.0 |
          Lair |      5 |      5 |      0 |      0 |      0 |   1 |    5.0 |
         Sewer |    774 |    774 |      0 |     87 |    476 |   1 |  774.0 |
        Bailey |    434 |    434 |      0 |    100 |    166 |   1 |  434.0 |
      Gauntlet |    266 |    266 |      0 |     27 |    166 |   1 |  266.0 |
               +--------+--------+--------+--------+--------+-----+--------+

Top non-repeatable levels by time:
    D:12: 1859 daAuts
     D:9: 1653 daAuts
     D:4: 1538 daAuts
     D:7: 1278 daAuts
    D:10: 1249 daAuts
     D:1: 1110 daAuts
     D:8: 986 daAuts
     D:5: 897 daAuts
     D:6: 870 daAuts
   Sewer: 774 daAuts
    D:11: 759 daAuts
     D:2: 660 daAuts
     D:3: 617 daAuts
  Bailey: 434 daAuts
Gauntlet: 266 daAuts
